 Dungeon Crawl Stone Soup version 0.26.0-16-gc1dbca0489 (webtiles) character file.

Game seed: 10089379933727343061

20828 kaeus the Fighter (level 12, -8/145 HPs)
             Began as a Demonspawn Berserker on Jan 19, 2021.
             Was the Champion of Trog.
             Killed by divine providence
             ... invoked by Saint Roka
              (10 damage)
             ... on level 2 of the Orcish Mines.
             The game lasted 00:47:25 (14476 turns).

kaeus the Fighter (Demonspawn Berserker)           Turns: 14476, Time: 00:47:26

Health: -8/145     AC: 19    Str: 28    XL:     12   Next: 48%
Magic:  12/12      EV: 21    Int:  9    God:    Trog [******]
Gold:   673        SH:  0    Dex: 13    Spells: 11/11 levels left

rFire    + . .     SeeInvis .   J - +4 battleaxe (freeze)
rCold    . . .     Faith    +   (shield currently unavailable)
rNeg     . . .     Spirit   .   H - +2 swamp dragon scales
rPois    +         Reflect  .   (no helmet)
rElec    .         Harm     .   (no cloak)
rCorr    .         Rampage  .   (no gloves)
Will     .....                  (no boots)
Stlth    ..........             n - amulet of faith
HPRegen  5.34/turn              b - +6 ring of strength
MPRegen  0.13/turn              G - +4 ring of protection

@: mighty, agile, berserking, hasted, very quick
A: hooves 1, molten scales 3, powered by death 2, powered by pain 2
a: Renounce Religion, Berserk, Trog's Hand, Brothers in Arms


You were on level 2 of the Orcish Mines.
You worshipped Trog.
Trog was exalted by your worship.
You visited 2 branches of the dungeon, and saw 13 of its levels.
You also visited: Sewer.

You collected 868 gold pieces.
You spent 195 gold pieces at shops.

Inventory:

Hand Weapons
 s - a +1 flail of protection
 z - a +3 great mace of flaming
 D - a +2 scythe of venom
 I - a +5 hand axe
 J - a +4 battleaxe of freezing (weapon)
 T - a +4 antimagic rapier
Armour
 H - +2 swamp dragon scales (worn)
 P - +0 steam dragon scales
Jewellery
 a - an uncursed amulet of the acrobat
 b - a +6 ring of strength (left hand)
 m - an uncursed ring of protection from fire
 n - an amulet of faith (around neck)
 o - an uncursed ring of poison resistance
 G - a +4 ring of protection (right hand)
Wands
 p - a wand of digging (10)
 y - a wand of disintegration (19)
 C - a wand of enslavement (5)
 E - a wand of flame (14)
 K - a wand of iceblast (15)
 N - a wand of random effects (15)
Scrolls
 c - 10 scrolls of teleportation
 d - a scroll of enchant weapon {unknown}
 g - 6 scrolls of remove curse {unknown}
 h - 2 scrolls of blinking {unknown}
 j - 3 scrolls of random uselessness {unknown}
 l - a scroll of identify
 r - 5 scrolls of magic mapping
 w - 2 scrolls of brand weapon {unknown}
 A - 2 scrolls of fog {unknown}
 B - 2 scrolls of immolation {unknown}
 F - 2 scrolls of enchant armour {unknown}
 M - a scroll of fear {unknown}
 Q - a scroll of amnesia {unknown}
Potions
 e - 2 potions of ambrosia {unknown}
 f - 13 potions of curing
 i - a potion of degeneration {unknown}
 k - a potion of might
 q - 2 potions of invisibility {unknown}
 t - 3 potions of flight {unknown}
 v - 4 potions of brilliance {unknown}
 x - 4 potions of attraction {unknown}
 L - a potion of mutation {unknown}
 O - 2 potions of lignification {unknown}
 R - a potion of berserk rage {unknown}
 S - a potion of resistance {unknown}
Miscellaneous
 V - a tin of tremorstones (2/2)


   Skills:
 + Level 10.1 Fighting
 + Level 8.0(8.6) Axes
 - Level 4.5(6.8) Maces & Flails
 + Level 9.1 Armour
 + Level 9.1 Dodging
 + Level 7.2 Stealth
 - Level 4.3 Evocations


You had 11 spell levels left.
You didn't know any spells.
Your spell library contained the following spells:

 Spells                   Type           Power        Failure   Level
 Beastly Appendage        Tmut           0%           50%         1
 Magic Dart               Conj           0%           50%         1
 Sandblast                Erth           0%           50%         1
 Blink                    Tloc           N/A          63%         2
 Passwall                 Tmut/Erth      0%           63%         2
 Searing Ray              Conj           0%           63%         2
 Wereblood                Tmut           0%           63%         2
 Dazzling Flash           Conj/Hex       0%           86%         3
 Gell's Gravitas          Tloc           0%           86%         3
 Lesser Beckoning         Tloc           0%           86%         3
 Spider Form              Tmut/Pois      0%           86%         3
 Stone Arrow              Conj/Erth      0%           86%         3
 Teleport Other           Tloc           0%           86%         3
 Fulminant Prism          Conj/Hex       0%           99%         4
 Ice Form                 Ice/Tmut       0%           99%         4
 Iskenderun's Mystic Bla  Conj/Tloc      0%           99%         4
 Passage of Golubria      Tloc           N/A          99%         4
 Petrify                  Tmut/Erth      0%           99%         4
 Blade Hands              Tmut           0%           100%        5
 Lee's Rapid Deconstruct  Erth           0%           100%        5


Dungeon Overview and Level Annotations

Branches:
Dungeon (11/15)            Temple (0/1) D:7            Lair (0/6) D:9
    Orc (2/2) D:11          Sewer (visited)
    Elf: Orc:2

Altars:
Ashenzari
Cheibriados
Elyvilon
Kikubaaqudgha
Nemelex Xobeh
Okawaru
Qazlal
Ru
Vehumet
Wu Jian
Beogh

Shops:
D:11 [!:(   Orc:2 *

Annotations:
Orc:2 Saint Roka


Innate Abilities, Weirdness & Mutations

You have large cloven feet.
You are completely covered in molten scales. (AC +4, rF+)
You regenerate health from kills.
You sometimes gain power by taking damage.


Message History

The orc warrior closely misses you.
Saint Roka roars a battlecry!
The orc goes into a battle-frenzy!
You hit Saint Roka. You freeze Saint Roka. You kick Saint Roka.
Saint Roka is moderately wounded.
You barely miss the orc warrior. You slash the orc warrior!
You freeze the orc warrior. You slice the orc warrior!!
You freeze the orc warrior. You slice the orc!! You freeze the orc.
You feel the power of Trog in you as your rage grows.
You kill the orc!
Trog accepts your kill.
The orc warrior no longer looks unusually strong.
The orc warrior completely misses you. The orc warrior closely misses you.
The orc warrior hits you from afar with a +0 halberd!
* * * LOW HITPOINT WARNING * * *
The orc warrior hits you with a +0 battleaxe!!
* * * LOW HITPOINT WARNING * * *
Saint Roka calls down the wrath of Beogh upon you.
Beogh smites you!
You die...

.....#.
.........
.........
.........
........##
.........##
..........##
......oo)..##
.##
.....oo@##.)##
..## #
.....ooo###).##
...## ##
.......o#
##..###...###.
...#.....
##..##....#..
....#.$..
##..#.#.....
...#......
##........)
..........
##...#.#.#
...........
##.......
##..#.#.


You could see Saint Roka, 4 orc warriors and 3 orcs.

Vanquished Creatures
  A hydra (D:11)
  Erolcha (D:9)
  5 two-headed ogres (D:11)
  Erica (D:8)
  A sixfirhy (Orc:2)
  An unseen horror (D:10)
  An orc knight (Orc:2)
  A cyclops (D:11)
  An ugly thing (D:11)
  Maurice (D:8)
  Joseph (D:7)
  The ghost of iNFECTIOUSiTCH the Chopper, a novice DgFi (D:6)
  The ghost of XxsatanxX the Chopper, a novice DsBe of Trog (D:6)
  Maggie (D:6)
  A komodo dragon (D:11)
  A hellwing (Orc:2)
  2 trolls
  9 yaks (D:10)
  Grum (D:9)
  A wraith (D:11)
  Sigmund (D:6)
  A basilisk (D:11)
  A chaos spawn (Orc:2)
  2 swamp worms (D:7)
  3 steam dragons (D:10)
  3 water moccasins
  The ghost of SnakkuSnakku7 the Ruffian, an amateur VSAM of Nemelex Xobeh (D:6)
  3 ice beasts
  22 orc warriors
  2 black bears
  A necrophage (D:11)
  2 phantoms
  3 wolves (D:9)
  2 centaurs
  8 ogres
  4 big kobolds
  7 bullfrogs
  Blork the orc (D:5)
  2 water moccasin zombies
  A water moccasin skeleton (D:11)
  2 scorpions
  6 killer bees
  9 wights
  3 howler monkeys
  5 quasits
  7 hounds
  3 jellies
  20 orc priests
  A centaur skeleton (D:6)
  4 iguanas
  12 orc wizards
  10 worker ants
  4 gnolls (D:6)
  10 adders
  10 river rats
  2 shadow imps
  7 white imps
  2 ufetubi
  4 oozes
  2 adder skeletons
  8 dart slugs (D:3)
  3 leopard geckos
  68 orcs
  10 giant cockroaches
  11 goblins
  8 hobgoblins
  15 jackals
  29 kobolds
  8 quokkas
  9 ball pythons
  6 bats
  2 frilled lizards (D:1)
  A jackal skeleton (D:8)
  27 rats
431 creatures vanquished.

Vanquished Creatures (others)
  An orc (D:6)
  4 plants (D:7)
  4 withered plants (D:6)
9 creatures vanquished.

Grand Total: 440 creatures vanquished

Notes
Turn   | Place    | Note
-------+----------+-------------------------------------------
     0 | D:1      | kaeus the Demonspawn Berserker began the quest for the Orb.
     0 | D:1      | Reached XP level 1. HP: 18/18 MP: 1/1
   107 | D:1      | You fall into a shaft and drop 1 floor!
   362 | D:1      | Gained mutation: You are partially covered in molten
                  | scales. (AC +2) [demonic ancestry]
   362 | D:1      | Reached XP level 2. HP: 10/24 MP: 2/2
  1448 | D:2      | Reached XP level 3. HP: 29/29 MP: 3/3
  1491 | D:2      | Found a snail-covered altar of Cheibriados.
  1494 | D:2      | Reached ** piety under Trog
  1864 | D:2      | Noticed an orc warrior
  1881 | D:2      | Killed an orc warrior
  1882 | D:2      | Gained mutation: You regenerate a little health from kills.
                  | [demonic ancestry]
  1882 | D:2      | Reached XP level 4. HP: 26/37 MP: 4/4
  1882 | D:2      | Gained mutation: You have large cloven feet. [demonic
                  | ancestry]
  1882 | D:2      | Reached XP level 5. HP: 30/42 MP: 5/5
  1883 | D:2      | Reached skill level 4 in Fighting
  2084 | D:2      | Found a sparkling altar of Nemelex Xobeh.
  2680 | D:3      | Found a white marble altar of Elyvilon.
  2681 | D:3      | Found an ancient bone altar of Kikubaaqudgha.
  2681 | D:3      | Found a broken altar of Ashenzari.
  2683 | D:3      | Found a radiant altar of Vehumet.
  2756 | D:3      | Reached *** piety under Trog
  2785 | D:3      | Reached XP level 6. HP: 33/48 MP: 6/6
  2787 | D:3      | Reached skill level 1 in Maces & Flails
  3057 | D:3      | Found an ornate altar of the Wu Jian Council.
  3619 | D:4      | Found a glowing drain.
  3627 | D:4      | Reached **** piety under Trog
  3641 | Sewer    | Entered a sewer
  4052 | Sewer    | Reached ***** piety under Trog
  4053 | Sewer    | Reached XP level 7. HP: 49/55 MP: 7/7
  4573 | D:4      | Reached skill level 5 in Fighting
  4678 | D:4      | You fall into a shaft and drop 1 floor!
  4678 | D:5      | Entered Level 5 of the Dungeon
  5524 | D:4      | Found a stormy altar of Qazlal.
  5801 | D:5      | Noticed Blork the orc
  5811 | D:5      | Killed Blork the orc
  5906 | D:5      | Found a sacrificial altar of Ru.
  6140 | D:5      | Gained mutation: You are mostly covered in molten scales.
                  | (AC +3) [demonic ancestry]
  6140 | D:5      | Reached XP level 8. HP: 61/63 MP: 8/8
  6143 | D:5      | Reached skill level 1 in Evocations
  6914 | D:6      | Found a runed translucent gate.
  6915 | D:6      | Found a runed translucent gate.
  6919 | D:6      | Noticed SnakkuSnakku7's ghost (amateur VSAM)
  6919 | D:6      | Noticed XxsatanxX's ghost (novice DsBe)
  6919 | D:6      | Noticed iNFECTIOUSiTCH's ghost (novice DgFi)
  6920 | D:6      | Found a runed translucent gate.
  7020 | D:6      | Found an ornate altar of the Wu Jian Council.
  7070 | D:6      | Noticed Maggie
  7370 | D:6      | Noticed Sigmund
  7529 | D:6      | Killed Sigmund
  7762 | D:6      | Killed Maggie
  7763 | D:6      | Reached skill level 6 in Fighting
  7763 | D:6      | Reached skill level 5 in Armour
  7763 | D:6      | Reached skill level 5 in Dodging
  8004 | D:6      | Found an iron altar of Okawaru.
  8411 | D:7      | Gained mutation: You are completely covered in molten
                  | scales. (AC +4, rF+) [demonic ancestry]
  8411 | D:7      | Reached XP level 9. HP: 16/71 MP: 9/9
  9031 | D:7      | Found a staircase to the Ecumenical Temple.
  9150 | D:7      | Noticed Joseph
  9174 | D:7      | Killed Joseph
  9175 | D:7      | Reached skill level 7 in Fighting
  9696 | D:6      | Killed XxsatanxX's ghost
  9697 | D:6      | Reached skill level 1 in Stealth
  9700 | D:6      | Killed iNFECTIOUSiTCH's ghost
  9704 | D:6      | Killed SnakkuSnakku7's ghost
  9705 | D:6      | Gained mutation: You regenerate health from kills. [demonic
                  | ancestry]
  9705 | D:6      | Reached XP level 10. HP: 58/79 MP: 10/10
 10137 | D:8      | Noticed Erica
 10160 | D:8      | Killed Erica
 10161 | D:8      | Reached skill level 5 in Axes
 10179 | D:8      | Received a gift from Trog
 10323 | D:8      | Noticed Maurice
 10336 | D:8      | Killed Maurice
 10460 | D:8      | Reached skill level 8 in Fighting
 10701 | D:9      | Noticed Grum
 10724 | D:9      | Killed Grum
 10947 | D:9      | Found a staircase to the Lair.
 11040 | D:9      | Noticed Erolcha
 11050 | D:9      | Killed Erolcha
 11689 | D:10     | Entered Level 10 of the Dungeon
 11694 | D:10     | Gained mutation: You sometimes gain a little power by
                  | taking damage. [demonic ancestry]
 11694 | D:10     | Reached XP level 11. HP: 75/87 MP: 11/11
 12201 | D:10     | Killed an unseen horror
 12202 | D:10     | Reached skill level 5 in Stealth
 12691 | D:11     | Found Toffahe's Book Boutique.
 12736 | D:11     | Reached skill level 9 in Fighting
 12762 | D:11     | Reached ****** piety under Trog
 12826 | D:11     | Found Focsupn's Antique Weapon Shop.
 12872 | D:11     | Found a roughly hewn altar of Beogh.
 12872 | D:11     | Found a staircase to the Orcish Mines.
 12880 | D:11     | Received a gift from Trog
 13002 | D:11     | Noticed a two-headed ogre
 13007 | D:11     | Killed a two-headed ogre
 13106 | D:11     | Noticed a two-headed ogre
 13119 | D:11     | Killed a two-headed ogre
 13119 | D:11     | Noticed a cyan ugly thing
 13131 | D:11     | Killed a cyan ugly thing
 13141 | D:11     | Found Resaady's Distillery.
 13154 | D:11     | Bought a potion of heal wounds for 65 gold pieces
 13154 | D:11     | Bought a potion of haste for 130 gold pieces
 13174 | D:11     | Found Igatworeri's Antique Armour Shop.
 13194 | D:11     | Noticed a six-headed hydra
 13209 | D:11     | Killed a 13-headed hydra
 13437 | D:11     | Noticed a two-headed ogre
 13448 | D:11     | Killed a two-headed ogre
 13449 | D:11     | Gained mutation: You sometimes gain power by taking damage.
                  | [demonic ancestry]
 13449 | D:11     | Reached XP level 12. HP: 59/96 MP: 12/12
 13571 | D:11     | Noticed a two-headed ogre
 13578 | D:11     | Killed a two-headed ogre
 13729 | D:11     | Noticed a two-headed ogre
 13740 | D:11     | Killed a two-headed ogre
 14177 | Orc:1    | Entered Level 1 of the Orcish Mines
 14217 | Orc:2    | Entered Level 2 of the Orcish Mines
 14357 | Orc:2    | Found Huminoin's General Store.
 14358 | Orc:2    | Found Leudei's General Store.
 14376 | Orc:2    | Received a gift from Trog
 14381 | Orc:2    | Reached skill level 10 in Fighting
 14462 | Orc:2    | Noticed Saint Roka
 14476 | Orc:2    | HP: 2/145 [orc warrior/+0 battleaxe[Saint Roka] (18)]
 14476 | Orc:2    | Killed from afar by Saint Roka

Illustrated notes

Levels and vault maps discovered:
D:1:      matt_arrival_refuge, layout_basic
D:2:      layout_loops_ring, cheibriados_altar_1, nemelex_dance_club_becter
D:3:      kennysheep_slugbush, layout_basic, grunt_temple_overflow_open,
          nzn_wu_jian_council_hall
D:4:      layout_rooms, general_overflow_altar, portal_sewer_entry_b
D:5:      layout_layer_cave, nicolae_ru_awakened_eye, uniq_blork_the_orc
D:6:      layout_gridville, lemuel_coloured_pillars_altar, basic_altar,
          gammafunk_ghost_cemetery, uniq_maggie, uniq_sigmund
D:7:      layout_gridville, minmay_temple_entry_trees, worms_lemuel, uniq_joseph
D:8:      layout_rooms, minmay_unpleasant_kobolds, uniq_maurice, uniq_erica
D:9:      layout_gridville, lair_entry_dummy, uniq_erolcha, uniq_grum
D:10:     cheibrodos_steamvent, layout_basic
D:11:     kennysheep_six_static_rooms, layout_loops_ring, david_orc_5,
          serial_shops, shop, nicolae_shop_competitors_out_of_business, shop,
          shop
Orc:1:    layout_diamond_mine
Orc:2:    pf_orc_diabolical, layout_caves, statue_in_the_mist_lemuel,
          library_closet, uniq_saint_roka, uniq_nessos

Skill      XL: |  1  2  3  4  5  6  7  8  9 10 11 12 |
---------------+-------------------------------------+-----
Armour         | 2 3 4 5 6 7 8 9 |  9.1
Dodging        | 2 3 4 5 6 7 8 9 |  9.1
Axes           | 3 4 6 7 8 |  8.0
Fighting       | 4 5 6 7 8 9 10 | 10.1
Maces & Flails | 2 3 4 |  4.5
Evocations     | 3 4 |  4.3
Stealth        | 1 4 6 7 |  7.2

Action                   |  1- 3 |  4- 6 |  7- 9 | 10-12 || total
-------------------------+-------+-------+-------+-------++-------
Melee: Hand axe          |   140 |     7 |    73 |       ||   220
       Flail             |       |   214 |   334 |       ||   548
       Kick              |       |    60 |   129 |   187 ||   376
       Battleaxe         |       |       |    12 |   479 ||   491
Invok: Berserk           |     1 |       |     4 |     5 ||    10
       Trog's Hand       |       |     1 |     5 |     4 ||    10
       Brothers in Arms  |       |       |     1 |       ||     1
  Use: Potion            |       |       |     5 |    12 ||    17
       Scroll            |       |       |     5 |     5 ||    10
 Stab: Sleeping          |       |     2 |       |     6 ||     8
Armor: Animal skin       |    44 |   106 |    56 |       ||   206
       Robe              |       |       |    66 |       ||    66
       Swamp dragon scal |       |       |    86 |   300 ||   386
Dodge: Dodged            |    99 |   255 |   370 |   579 ||  1303
